 Dungeon Crawl Stone Soup version 0.30-a0-953-g5f1da4a474 (webtiles) character file.

Game seed: 1063272879801914840

184 Jeffwins the Shooter (level 5, -7/37 HPs)
             Began as a Human Wanderer on Mar 29, 2023.
             Killed by nerve-wracking pain
             ... invoked by Grinder
              (11 damage)
             ... on level 3 of the Dungeon.
             The game lasted 00:05:36 (2763 turns).

Jeffwins the Shooter (Human Wanderer)               Turns: 2763, Time: 00:05:36

Health: -7/37      AC:  6    Str: 11    XL:     5   Next: 95%
Magic:  0/8        EV: 10    Int: 15    God:
Gold:   38         SH:  0    Dex: 13    Spells: 4/8 levels left

rFire   . . .      SeeInvis .    a - +2 sling
rCold   . . .      Faith    .    (no shield)
rNeg    . . .      Spirit   .    d - +0 leather armour
rPois   .          Reflect  .    f - +1 helmet
rElec   .          Rampage  .    (no cloak)
rCorr   .                        b - +0 pair of gloves
Will    .....                    (no boots)
Stlth   ++                       (no amulet)
HPRegen 0.26/turn                (no ring)
MPRegen 0.11/turn                (no ring)

@: no status effects
A: no striking features
a: no special abilities


You were on level 3 of the Dungeon.
You visited 1 branch of the dungeon, and saw 3 of its levels.

You collected 137 gold pieces.
You spent 99 gold pieces at shops.


   Skills:
 + Level 1.5 Fighting
 * Level 3.5 Ranged Weapons
 + Level 1.6 Throwing
 + Level 2.5 Stealth
 * Level 2.3 Spellcasting
 * Level 1.7 Conjurations
 * Level 2.9 Fire Magic
 * Level 1.2 Earth Magic


You had 4 spell levels left.
You knew the following spells:

 Your Spells              Type           Power      Damage    Failure   Level
x - Stone Arrow           Conj/Erth      12%        3d7       43%         3
z - Foxfire               Conj/Fire      32%        2x1d3     11%         1

Your spell library contained the following spells:

 Spells                   Type           Power      Damage    Failure   Level
 Sandblast                Erth           10%        2d5       17%         1
 Passwall                 Tmut/Erth      2%         N/A       32%         2
 Inner Flame              Hex/Fire       6%         N/A       43%         3

Inventory:

Hand Weapons
 a - a +2 sling (weapon)
Missiles
 m - 2 poisoned darts
Armour
 b - a +0 pair of gloves (worn)
 d - a +0 leather armour (worn)
 f - a +1 helmet (worn)
Scrolls
 e - 4 scrolls of enchant armour
 g - a scroll of magic mapping
 j - a scroll of blinking
 l - a scroll of teleportation {@r4}
 n - a scroll of fog {unknown}
 p - a scroll of enchant weapon {unknown}
Potions
 h - a potion of haste {unknown}
 i - 2 potions of attraction {unknown}
 k - a potion of curing {@q1}
 o - a potion of resistance {unknown}

Dungeon Overview and Level Annotations

Branches:
Dungeon (3/15)

Altars:

Shops:
D:2 !   D:3 *

Annotations:
D:3 Grinder

+.. #.#+# #.#.#
#.#.# ##.#.# ##.#.#
##.#.##############
##.#.##......5..v.#
....>.#.########@##
##.#..#.# #v#
...#..#.# #.#
####..#.# #.#
......#.# #.#
####..#5# #.#
..#...#.# #(#
#.#..##.# #.#
#.#..##.# #.#


You could see Grinder (ally target).


Message History

Press: ? - help, Q - select action, (/) - cycle Shift-Dir - straight line, f/p - Grinder
Aim: Grinder (almost dead, 53% to hit)
You shoot a sling bullet. The sling bullet barely misses Grinder.
Unknown command.
Fire: a) +2 sling
Press: ? - help, Q - select action, (/) - cycle Shift-Dir - straight line, f/p - Grinder
Aim: Grinder (almost dead, 53% to hit)
You shoot a sling bullet.
The sling bullet closely misses Grinder.
Grinder gestures at you. Pain shoots through your body!
* * * LOW HITPOINT WARNING * * *
Fire: a) +2 sling
Press: ? - help, Q - select action, (/) - cycle Shift-Dir - straight line, f/p - Grinder
Aim: Grinder (almost dead, 53% to hit)
You shoot a sling bullet.
The sling bullet closely misses Grinder.
Unknown command.
Fire: a) +2 sling
Press: ? - help, Q - select action, (/) - cycle Shift-Dir - straight line, f/p - Grinder
Aim: Grinder (almost dead, 53% to hit)
You shoot a sling bullet.
The sling bullet completely misses Grinder.
Unknown command.
Casting: Foxfire (safe; 11% risk of failure)
Confirm with . or Enter, or press ? or * to list all spells.
You conjure some foxfire!
Grinder gestures at you. Pain shoots through your body!
You die...

Skill      XL: |  1  2  3  4  5 |
---------------+----------------+-----
Conjurations   | 1 |  1.7
Spellcasting   | 2 |  2.3
Earth Magic    | 1 |  1.2
Fighting       | |  1.5
Ranged Weapons | |  3.5
Throwing       | |  1.6
Stealth        | |  2.5
Fire Magic     | |  2.9

Action                     |  1- 3 |  4- 6 || total
---------------------------+-------+-------++-------
   Fire: Sling             |    55 |    96 ||   151
   Cast: Foxfire           |    18 |    64 ||    82
    Use: Scroll            |       |     5 ||     5
         Potion            |       |     3 ||     3
 Armour: Robe              |    17 |       ||    17
         Leather armour    |     1 |    32 ||    33
  Dodge: Dodged            |    19 |    36 ||    55

Levels and vault maps discovered:
D:1:      evilmike_arrival_hilbert_curve, layout_basic, chequers_garden
D:2:      layout_basic, serial_shops, shop, nrook_mini_vaults, uniq_natasha,
          uniq_robin
D:3:      layout_basic, serial_shops, nicolae_shop_hallway_plus, uniq_grinder,
          uniq_sigmund

Notes
Turn   | Place    | Note
-------+----------+-------------------------------------------
     0 | D:1      | Jeffwins the Human Wanderer began the quest for the Orb.
     0 | D:1      | Jeffwins set off with the following items: a +2 sling, a +0
                  | pair of gloves, a potion of heal wounds {@q2}, a +0 robe;
                  | and the following spell memorised: Foxfire; and the
                  | following spells available to memorise: Inner Flame.
     0 | D:1      | Reached XP level 1. HP: 15/15 MP: 2/2
   212 | D:1      | Reached XP level 2. HP: 14/21 MP: 1/3
   460 | D:1      | Reached XP level 3. HP: 26/26 MP: 4/4
   596 | D:1      | Reached skill level 1 in Conjurations
   984 | D:2      | Noticed Natasha
   990 | D:2      | Killed Natasha
   991 | D:2      | Reached XP level 4. HP: 24/32 MP: 2/6
  1073 | D:2      | Learned a level 3 spell: Stone Arrow
  1124 | D:2      | Noticed Natasha
  1145 | D:2      | Killed Natasha
  1327 | D:2      | Reached XP level 5. HP: 37/37 MP: 0/7
  1331 | D:2      | Noticed Robin
  1369 | D:2      | Killed Robin
  1370 | D:2      | Reached skill level 2 in Spellcasting
  1485 | D:2      | Found Coxezistri's Distillery.
  1580 | D:2      | Noticed Natasha
  1587 | D:2      | Killed Natasha
  1588 | D:2      | Reached skill level 1 in Earth Magic
  2169 | D:3      | Found Guosis's Assorted Antiques.
  2180 | D:3      | Bought 3 scrolls labelled JAKHIAWAHO for 99 gold pieces
  2624 | D:3      | Noticed Grinder
  2651 | D:3      | Paralysed by Grinder for 4 turns
  2669 | D:3      | Paralysed by Grinder for 5 turns
  2760 | D:3      | HP: 3/37 [Grinder/nerve-wracking pain (9)]
  2763 | D:3      | Killed from afar by Grinder

Vanquished Creatures
  Natasha (thrice) (D:2)
  Robin (D:2)
  2 adders (D:2)
  2 dart slugs
  5 orcs (D:3)
  4 endoplasms
  3 giant cockroaches
  11 goblins (D:2)
  6 hobgoblins
  6 jackals
  8 kobolds
  A quokka (D:3)
  3 ball pythons
  8 bats
  A frilled lizard (D:1)
  5 rats
69 creatures vanquished.

Vanquished Creatures (others)
  137 foxfires
137 creatures vanquished.

Grand Total: 206 creatures vanquished

Table legend: (Time is in decaauts)
 A = Elapsed time spent in this place.
 B = Non-inter-level travel time spent in this place.
 C = Inter-level travel time spent in this place.
 D = Time resting spent in this place.
 E = Time spent auto-exploring this place.
 F = Levels seen in this place.
 G = Mean time per level.
                   A        B        C        D        E       F      G
               +--------+--------+--------+--------+--------+-----+--------+
         Total |   2814 |   2748 |     66 |     36 |   2118 |   3 |  938.0 |
       Dungeon |   2814 |   2748 |     66 |     36 |   2118 |   3 |  938.0 |
               +--------+--------+--------+--------+--------+-----+--------+

Top non-repeatable levels by time:
     D:2: 1207 daAuts
     D:1: 907 daAuts
     D:3: 698 daAuts

Table legend:
 A = Non-vault XP
 B = Vault XP
 C = Vault XP percentage of total XP
 D = Non-vault monster count
 E = Vault monster count
 F = Vault count percentage of total count
                 A         B        C        D         E       F
            +---------+---------+-------+---------+---------+-------
      Total |     191 |      72 |  27.4 |      55 |      14 |  20.3
            +---------+---------+-------+---------+---------+-------
        D:1 |      37 |       0 |   0.0 |      22 |       0 |   0.0
        D:2 |     127 |      72 |  36.2 |      20 |      14 |  41.2
        D:3 |      27 |       0 |   0.0 |      13 |       0 |   0.0
            +---------+---------+-------+---------+---------+-------
